 Dungeon Crawl Stone Soup version 0.19-a0-1732-g0b18a7b (webtiles) character file.

67008 4thArraOfDagon the Grappler (level 14, -5/119 HPs)
             Began as a Troll Wanderer on Sept 30, 2016.
             Was a High Priest of Qazlal.
             Killed from afar by a deep elf annihilator (32 damage)
             ... with an iron shot
             ... on level 3 of the Elven Halls.
             The game lasted 01:02:37 (9025 turns).

4thArraOfDagon the Grappler (Troll Wanderer)        Turns: 9025, Time: 01:02:37

Health: -5/119     AC: 13    Str: 17    XL:     14   Next: 81%
Magic:  19/19      EV: 15    Int: 19    God:    Qazlal [*****.]
Gold:   285        SH: 17    Dex: 15    Spells: 2 memorised, 11 levels left

rFire  . . .     SeeInvis +       - Unarmed
rCold  + + .     Gourm    +     A - +0 troll leather armour
rNeg   + . .     Faith    .     d - +0 shield
rPois  +         Spirit   .     a - +1 hat of the Hare {+Blink Int+5}
rElec  +         Dismiss  .     R - +0 cloak
rCorr  .         Reflect  .     (gloves unavailable)
MR     +....     Harm     .     (boots unavailable)
Stlth  +.........               q - amulet of magic regeneration
                                I - ring "Rabb" {rPois rC++ rN+ Str-5 Dex+5}
                                O - ring of wizardry

@: about to teleport, protected from electricity, repel missiles
A: unfitting armour, claws 3, talons 1, repulsion field 1, icy blue scales 1,
iridescent scales 1, see invisible, clever 1, fast metabolism 3, frail 1,
gourmand, regeneration 1, shaggy fur 1, tough skin 2, evolution 1, MP-powered
wands
a: Upheaval, Elemental Force, Disaster Area, Renounce Religion, Evoke Blink


You were on level 3 of the Elven Halls.
You worshipped Qazlal.
Qazlal was extremely pleased with you.
You were very full.

You visited 3 branches of the dungeon, and saw 20 of its levels.
You visited the Abyss 1 time.
You visited 1 bazaar.
You also visited: Labyrinth and Sewer.

You collected 1774 gold pieces.
You spent 1489 gold pieces at shops.

Inventory:

Hand Weapons
 c - a +0 mace
 M - the +1 morningstar of Zin's Vengeance {speed, Int+5 Stlth+}
   (You found it on level 14 of the Dungeon)

   Attacks with this weapon are significantly faster.
   It affects your intelligence (+5).
   It makes you more stealthy.
Missiles
 v - 8 javelins of returning (quivered)
 B - 2 exploding tomahawks
 N - 2 throwing nets
 P - 4 large rocks
Armour
 a - the +1 hat of the Hare (worn) {+Blink Int+5}
   (You acquired it on level 3 of the Abyss)

   It affects your intelligence (+5).
   It lets you blink.
 d - a +0 shield (worn)
 r - a +2 hat
 A - a +0 troll leather armour (worn)
 R - a +0 cloak (worn)
 U - a +1 robe of the Archmagi
 V - a +2 robe
Magical Staves
 w - an uncursed staff of cold
Jewellery
 g - an uncursed ring of wizardry
 j - an uncursed ring of protection from fire
 q - an amulet of magic regeneration (around neck)
 y - an uncursed ring of fire
 E - an uncursed ring of poison resistance
 I - the ring "Rabb" (right claw) {rPois rC++ rN+ Str-5 Dex+5}
   (You found it in a labyrinth)

   [ring of dexterity]

   It affects your strength (-5).
   It affects your dexterity (+5).
   It greatly protects you from cold.
   It protects you from poison.
   It protects you from negative energy.
 J - the ring "Zodd" {Fire rElec rN+ MR+}
   (You bought it in a shop on level 2 of the Orcish Mines)

   [ring of fire]

   It enhances your fire magic.
   It protects you from fire.
   It makes you vulnerable to cold.
   It insulates you from electricity.
   It protects you from negative energy.
   It affects your resistance to hostile enchantments.
 O - a ring of wizardry (left claw)
Wands
 t - a wand of flame (21/48)
 z - a wand of disintegration (4/24)
 C - a wand of iceblast (7/15)
 L - a wand of lightning (11/15)
 T - a wand of enslavement (14/24)
 W - a wand of iceblast (5/15)
Scrolls
 l - 3 scrolls of remove curse
 m - a scroll of recharging
 n - 2 scrolls of amnesia
 o - 3 scrolls of silence
 u - 2 scrolls of random uselessness
 D - 5 scrolls of fog
 Q - a scroll of enchant weapon
Potions
 k - a potion of heal wounds
 s - 2 potions of cure mutation
 S - 2 potions of curing
 Z - a potion of degeneration
Books
 b - a book of Transfigurations

   Spells                             Type                      Level
   a - Irradiate                      Conjuration/Transmutation    5
   b - Statue Form                    Transmutation/Earth          6
   c - Hydra Form                     Transmutation                6
   d - Dragon Form                    Transmutation                7
Miscellaneous
 K - a disc of storms
Comestibles
 f - 9 bread rations
 h - a slice of pizza
 F - 4 meat rations
 G - 10 royal jellies


   Skills:
 - Level 7.0 Fighting
 - Level 1.0 Staves
   Level 1.2 Crossbows
 - Level 1.0 Throwing
 - Level 6.4 Dodging
 - Level 10.0 Shields
 - Level 14.0 Unarmed Combat
 + Level 3.4 Spellcasting
 * Level 6.0 Transmutations
 * Level 7.5 Earth Magic
 - Level 9.0 Invocations


You had 11 spell levels left.
You knew the following spells:

 Your Spells              Type           Power        Failure   Level  Hunger
a - Blink                 Tloc           N/A          12%         2    ##.....
b - Statue Form           Tmut/Erth      ####.....    82%         6    #######


Dungeon Overview and Level Annotations

Branches:
Dungeon (15/15)            Temple (0/1) D:6             Orc (2/2) D:12
    Elf (3/3) Orc:2        Vaults (0/5) D:13
   Lair: D:8-11      Depths: D:15

Altars:
Ashenzari
Fedhas
Gozag
Kikubaaqudgha
Makhleb
Okawaru
Qazlal
Ru
Sif Muna
Trog
Yredelemnul

Shops:
D:6 (   D:9 :   Orc:2 **::   Elf:1 %((   Elf:2 *

Annotations:
D:14 exclusion: Roxanne, Roxanne
Elf:3 Bai Suzhen


Innate Abilities, Weirdness & Mutations

You are too large for most types of armour.
You have claws for hands.
Your metabolism is lightning-fast.
You like to eat raw meat.
Your natural rate of healing is unusually fast.
You are covered in fur. (AC +1)
You have very tough skin. (AC +2)
You have sharp toenails.
You are surrounded by a mild repulsion field. (EV +2)
You are partially covered in icy blue scales. (AC +2)
You are partially covered in iridescent scales. (AC +2)
You have supernaturally acute eyesight. (SInv)
Your mind is acute. (Int +2)
You are frail. (-10% HP)
You evolve.
You expend magic power (3 MP) to strengthen your wands.


Message History

The bolt of lightning hits the raiju.
The raiju completely resists.
The bolt of lightning misses you. The bolt of lightning hits you!
Your resistance to physical damage fades away.
You feel protected from electricity.
The deep elf annihilator mumbles some strange words.
The deep elf annihilator blinks!
The deep elf blademaster hits you with a short sword of flaming!!
The deep elf blademaster burns you.
You block the deep elf blademaster's attack.
The deep elf elementalist points at you and mumbles some strange words.
You hear rumbling.
Nothing appears to happen.
The deep elf mage gestures at you while chanting.
The bolt of lightning hits the raiju.
The raiju completely resists.
The bolt of lightning hits you! You resist. The bolt of lightning hits you!
You resist.
* * * LOW HITPOINT WARNING * * *
The deep elf annihilator gestures at you while chanting.
The iron shot hits you!
You die...

**,,,,,..........e§e,,,,,**
**,,,,,*e........e.e§*,,,,,**
**,,,,,***.e.......e§***,,,,,*
*,,,,,** ##..e.....E#* **,,,,,
**,,,ee*##...........***,,,,,*
**,,...#.e..e......,,*,,,,,**
**,e.§.....§e§ee.e,,,,,,,**
**.........3#,,,,,,,,,,**
**,..)....h@##*,,,,,,,,,,**
**,,...§e..e## **,,,,,,,,,,**
**,,,r.#......***,,,,,,*,,,,,*
**,,,,.*##.....,*,,,,,,***,,,,,
**,,,,,** ##.....,,,,,,**
**,,,, *,,,,,** ##....,,,,,**
**,,, **,,,** ##....,,,** **,,
**,** ##,,,,,** **, *** **,,,**
**


You could see a deep elf blademaster, 4 deep elf annihilators, 2 deep elf
sorcerers, 3 deep elf elementalists, a deep elf demonologist, a deep elf high
priest, a deep elf mage, a sixfirhy, a raiju and a fire elemental.

Vanquished Creatures
  A tentacled starspawn (Abyss:3)
  3 very ugly things (Abyss:3)
  Josephine (D:10)
  A minotaur (Lab)
  Erolcha (D:9)
  A vault guard (D:14)
  An ogre mage (D:15)
  2 centaur warriors
  3 dancing weapons
  6 orc high priests
  7 deep elf knights
  2 skeletal warriors (D:14)
  A wretched star (Abyss:3)
  A sea snake (shapeshifter) (D:14)
  6 deep elf archers
  2 hill giants
  25 deep elf magi
  6 orc knights
  A manticore (D:13)
  4 orc sorcerers
  A worldbinder (Abyss:3)
  A cyclops (D:15)
  A salamander (shapeshifter) (D:15)
  4 centaur zombies
  2 smoke demons (Abyss:3)
  A gargoyle (D:11)
  2 centaur skeletons
  A demonic crawler (Abyss:3)
  2 kobold demonologists (D:11)
  An efreet (D:13)
  A freezing wraith (Abyss:3)
  An ancient zyme (Abyss:3)
  A minotaur zombie (Lab)
  3 trolls
  A meliai (D:13)
  3 two-headed ogres
  9 slime creatures
  6 raiju (Abyss:3)
  3 hippogriffs
  A centaur simulacrum (D:15)
  2 redbacks (Lab)
  3 water elementals
  A shadow (D:13)
  3 starcursed masses (Abyss:3)
  4 wraiths
  A hill giant zombie (D:12)
  3 air elementals
  A fire elemental (Elf:1)
  A ynoxinul (Abyss:3)
  A chaos spawn (Abyss:3)
  2 hungry ghosts
  6 wargs
  A soldier ant (D:14)
  A swamp worm (shapeshifter) (D:13)
  3 water moccasins
  Duvessa (D:7)
  4 large abominations (Abyss:3)
  38 orc warriors
  4 phantoms
  2 sky beasts
  2 ice beasts (D:12)
  A snapping turtle zombie (Abyss:3)
  A necrophage (D:6)
  3 wasps
  An eye of draining (D:12)
  15 ogres
  12 centaurs
  3 big kobolds
  3 bullfrogs
  3 small abominations (Abyss:3)
  2 earth elementals
  Dowan (D:7)
  4 scorpions
  2 killer bees (D:14)
  2 troll zombies (D:12)
  A water moccasin skeleton (D:8)
  9 wights
  2 howler monkeys (D:9)
  4 jellies
  2 crimson imps
  A wasp zombie (D:12)
  5 hounds
  A wyvern simulacrum (D:14)
  36 orc priests
  9 orc wizards
  2 bullfrog skeletons
  3 iguanas
  A siren (Sewer)
  5 worker ants
  A merfolk avatar (Sewer)
  3 ogre zombies (D:12)
  2 hound skeletons
  A gnoll (D:6)
  A howler monkey zombie (D:7)
  9 adders
  3 river rats (Sewer)
  3 shadow imps
  An adder zombie (D:6)
  An adder skeleton (D:6)
  A worm (D:3)
  2 dart slugs (D:4)
  3 leopard geckos
  77 orcs
  8 ball pythons
  2 giant cockroaches (Sewer)
  A goblin (D:3)
  5 hobgoblins
  4 jackals (D:6)
  4 kobolds
  9 quokkas
  3 bats
  2 frilled lizards
  2 goblin skeletons (D:12)
  3 goblin zombies (D:12)
  2 hobgoblin zombies (D:12)
  3 orc skeletons (D:12)
  9 orc zombies (D:12)
  A quokka zombie (D:5)
  24 rats
  A spectral orc (D:8)
  4 starspawn tentacles (Abyss:3)
533 creatures vanquished.

Vanquished Creatures (collateral kills)
  Asterion (Elf:1)
1 creature vanquished.

Vanquished Creatures (others)
  A starspawn tentacle (Abyss:3)
1 creature vanquished.

Grand Total: 535 creatures vanquished

Notes
Turn   | Place    | Note
-------+----------+-------------------------------------------
     0 | D:1      | 4thArraOfDagon the Troll Wanderer began the quest for the Orb.
     0 | D:1      | 4thArraOfDagon set off with: a +2 hand crossbow, 29 bolts, a +0 mace, a +0 shield, a +0 robe, 2 bread rations
     0 | D:1      | Reached XP level 1. HP: 22/22 MP: 0/0
    30 | D:1      | Reached skill level 1 in Unarmed Combat
    49 | D:2      | 4thArraOfDagon: any success with spriggans?
    93 | D:2      | Found an ancient bone altar of Kikubaaqudgha.
    97 | D:2      | Found a burning altar of Makhleb.
   100 | D:2      | Found a stormy altar of Qazlal.
   102 | D:2      | Charly: hi, nope
   103 | D:2      | Found a deep blue altar of Sif Muna.
   109 | D:2      | Became a worshipper of Qazlal Stormbringer
   126 | D:1      | Charly: I kinda lost the motivation
   213 | D:2      | Charly: Ill probably wait untill pan reform or some other feature which reduces the turncount
   223 | D:2      | Reached XP level 2. HP: 24/29 MP: 1/1
   284 | D:2      | 4thArraOfDagon: yea
   284 | D:2      | 4thArraOfDagon: its just too much work right now
   353 | D:3      | Found a faded altar of an unknown god.
   368 | D:3      | Found a blossoming altar of Fedhas.
   376 | D:3      | Reached skill level 2 in Unarmed Combat
   478 | D:3      | Found a sacrificial altar of Ru.
   481 | D:3      | Reached XP level 3. HP: 32/36 MP: 2/2
   487 | D:3      | Reached * piety under Qazlal
   563 | D:4      | Reached skill level 3 in Unarmed Combat
   578 | D:4      | Charly: my least favourite god
   650 | D:4      | 4thArraOfDagon: qaz?
   666 | D:4      | Charly: yeash
   666 | D:4      | 4thArraOfDagon: i like him actually
   678 | D:4      | Noticed an ogre
   700 | D:4      | Killed an ogre
   700 | D:4      | Reached skill level 4 in Unarmed Combat
   700 | D:4      | Reached skill level 1 in Invocations
   700 | D:4      | Reached XP level 4. HP: 38/44 MP: 2/4
   710 | D:4      | Charly: what do you like about him?
   735 | D:4      | Noticed a phantom
   753 | D:4      | Killed a phantom
   753 | D:4      | Reached XP level 5. HP: 35/50 MP: 5/5
   803 | D:4      | Reached skill level 5 in Unarmed Combat
   812 | D:5      | Entered Level 5 of the Dungeon
   819 | D:5      | Reached XP level 6. HP: 51/59 MP: 6/6
   911 | D:5      | Charly: I had him on a robust,SFed, axe wielding Ds and i still felt liek a struggle
   911 | D:5      | 4thArraOfDagon: power of his abilities
   911 | D:5      | 4thArraOfDagon: it almost feels like power-caster
   911 | D:5      | 4thArraOfDagon: but one have to get there ofcourse, putting tons into invo
   947 | D:5      | Charly: maybe I didnt use them enough
   970 | D:5      | Charly: pushed 27 to the maximum
  1113 | D:6      | Found a shattered altar of Ashenzari.
  1114 | D:6      | Found an opulent altar of Gozag.
  1212 | D:6      | Reached skill level 6 in Unarmed Combat
  1212 | D:6      | Reached XP level 7. HP: 57/66 MP: 8/8
  1232 | D:6      | Found a staircase to the Ecumenical Temple.
  1253 | D:6      | Reached ** piety under Qazlal
  1319 | D:6      | Found a glowing drain.
  1326 | Sewer    | Entered a sewer
  1519 | Sewer    | Reached *** piety under Qazlal
  1664 | D:7      | Noticed Duvessa
  1677 | D:7      | Noticed Dowan
  1696 | D:7      | Killed Duvessa
  1696 | D:7      | Reached skill level 7 in Unarmed Combat
  1699 | D:7      | Reached XP level 8. HP: 29/74 MP: 8/10
  1703 | D:7      | Killed Dowan
  1862 | D:7      | Gained mutation: You are partially covered in iridescent scales. (AC +2) [mutagenic meat]
  1865 | D:7      | Gained mutation: You are frail. (-10% HP) [mutagenic meat]
  1868 | D:7      | Gained mutation: You are surrounded by a mild repulsion field. (EV +2) [mutagenic meat]
  1871 | D:7      | Gained mutation: You have sharp toenails. [mutagenic meat]
  1874 | D:7      | Gained mutation: You expend magic power (3 MP) to strengthen your wands. [mutagenic meat]
  1877 | D:7      | Gained mutation: You evolve. [mutagenic meat]
  1980 | D:6      | Reached skill level 8 in Unarmed Combat
  2099 | D:6      | Found Zownyp's Antique Weapon Boutique.
  2131 | D:6      | Found an iron altar of Okawaru.
  2137 | D:6      | Found a bloodstained altar of Trog.
  2214 | D:7      | Learned a level 2 spell: Blink
  2217 | D:7      | Learned a level 2 spell: Repel Missiles
  2296 | D:8      | Reached skill level 5 in Invocations
  2353 | D:8      | Reached XP level 9. HP: 70/72 MP: 11/11
  2369 | D:8      | Found a basalt altar of Yredelemnul.
  2440 | D:8      | Reached skill level 9 in Unarmed Combat
  2605 | D:9      | Found Liohaz's Book Emporium.
  2742 | D:9      | Noticed a troll
  2745 | D:9      | Killed a troll
  2745 | D:9      | Reached skill level 5 in Shields
  2745 | D:9      | Reached skill level 10 in Unarmed Combat
  2783 | D:9      | Noticed Erolcha
  2790 | D:9      | Killed Erolcha
  2790 | D:9      | Reached XP level 10. HP: 43/79 MP: 0/13
  2882 | D:9      | Reached skill level 11 in Unarmed Combat
  3141 | D:10     | Entered Level 10 of the Dungeon
  3153 | D:10     | Noticed Josephine
  3166 | D:10     | Killed Josephine
  3225 | D:10     | Found a blossoming altar of Fedhas.
  3296 | D:11     | Noticed a gargoyle
  3308 | D:11     | Killed a gargoyle
  3308 | D:11     | Reached skill level 12 in Unarmed Combat
  3439 | D:11     | Reached XP level 11. HP: 76/84 MP: 15/15
  3710 | D:13     | Noticed a six-headed hydra
  3882 | D:13     | Found a labyrinth entrance.
  3899 | Lab      | Entered a labyrinth
  4158 | Lab      | Noticed a minotaur
  4162 | Lab      | Killed a minotaur
  4162 | Lab      | Reached skill level 13 in Unarmed Combat
  4166 | Lab      | Got a smoking ivory ring
  4184 | Lab      | Identified the ring "Rabb" {rPois rC++ rN+ Str-5 Dex+5} (You found it in a labyrinth)
  4265 | D:13     | Noticed a centaur warrior
  4268 | D:13     | Charly: do you feel like there is less loot portals in the leastest release?
  4291 | D:13     | Killed a centaur warrior
  4318 | D:13     | Noticed an orb spider
  4327 | D:13     | Noticed a fire crab
  4394 | D:13     | 4thArraOfDagon: yea
  4394 | D:13     | 4thArraOfDagon: totally, i was thinking if they didnt change formula for this
  4563 | D:14     | Charly: looks like they did, usually I got at least 3 on my games
  4611 | D:14     | Charly: and lab was nearly a certain thing, now I hardly get 2
  4699 | D:14     | Noticed Roxanne
  4700 | D:14     | Noticed a centaur warrior
  4730 | D:14     | Killed a centaur warrior
  4760 | D:14     | Gained mutation: Your mind is acute. (Int +2) [evolution]
  4859 | D:14     | Noticed a sea snake
  4875 | D:14     | Killed a sea snake
  4875 | D:14     | Reached XP level 12. HP: 89/93 MP: 9/17
  4983 | D:14     | Got an iridescent morningstar
  4984 | D:14     | Identified the cursed +1 morningstar of Zin's Vengeance {speed, Int+5 Stlth+} (You found it on level 14 of the Dungeon)
  5010 | D:14     | Gained mutation: You are partially covered in icy blue scales. (AC +2) [potion of beneficial mutation]
  5032 | D:14     | Reached skill level 14 in Unarmed Combat
  5196 | D:15     | Entered Level 15 of the Dungeon
  5206 | D:15     | Noticed an ogre mage
  5217 | D:15     | Killed an ogre mage
  5260 | D:13     | Noticed a vault guard
  5313 | D:14     | Killed a vault guard
  5421 | D:15     | Reached skill level 10 in Shields
  5468 | D:15     | Got a jewelled trident
  5557 | D:13     | Found a gate to the Vaults.
  5848 | D:12     | Found a staircase to the Orcish Mines.
  5863 | D:12     | Ladykiller69: is that a scorpion
  6050 | Orc:1    | Entered Level 1 of the Orcish Mines
  6054 | Orc:1    | 4thArraOfDagon: no
  6054 | Orc:1    | 4thArraOfDagon: desolation of salt's creature
  6054 | Orc:1    | 4thArraOfDagon: Peacekeeper
  6060 | Orc:1    | Ladykiller69: ah
  6061 | Orc:1    | Noticed an orc high priest
  6063 | D:12     | Ladykiller69: havent been to that one yet
  6068 | D:12     | 4thArraOfDagon: yea its extremly rare now
  6068 | D:12     | 4thArraOfDagon: happens to spawn ~15% of time
  6068 | D:12     | Ladykiller69: I havent seen the desolation of salt yet
  6068 | D:12     | 4thArraOfDagon: and only in elven halls!
  6197 | D:12     | Killed an orc high priest
  6235 | D:12     | Reached XP level 13. HP: 77/105 MP: 18/18
  6286 | Orc:1    | Reached skill level 5 in Fighting
  6307 | Orc:1    | Reached **** piety under Qazlal
  6421 | Orc:1    | 4thArraOfDagon: oh really?
  6421 | Orc:1    | 4thArraOfDagon: you should try it
  6421 | Orc:1    | 4thArraOfDagon: intersting design
  6421 | Orc:1    | 4thArraOfDagon: (NOT)
  6451 | Orc:1    | Gained mutation: You have supernaturally acute eyesight. (SInv) [evolution]
  6472 | Orc:2    | Entered Level 2 of the Orcish Mines
  6659 | Orc:2    | Reached skill level 5 in Dodging
  6670 | Orc:2    | Reached ***** piety under Qazlal
  6677 | Orc:2    | 4thArraOfDagon: ?? imperial myrmidon
  6677 | Orc:2    | beem: imperial myrmidon[1/1]: A fast enemy that has a variety of hexes to use along with its melee MR-halving attack.
  6677 | Orc:2    | 4thArraOfDagon: yea just beware of those
  6677 | Orc:2    | 4thArraOfDagon: @? imperial myrmidon
  6677 | Orc:2    | beem: imperial myrmidon (p)
                  | Spd:
    12 | HD: 16   | HP: 62-88
                  | AC/EV: 4/21
                  | Dam: 30(vuln)
                  | weapons, items, doors, spellcaster
                  | Res: magic(60)
                  | XP: 1677
                  | Sp: slow, confuse, agony
                  | Sz: Medium
                  | Int: human.
  6772 | Orc:2    | Found a staircase to the Elven Halls.
  7258 | Orc:2    | Found Ugikubeg's Assorted Antiques.
  7258 | Orc:2    | Found Cianah's General Store.
  7259 | Orc:2    | Found Megid's Book Shoppe.
  7259 | Orc:2    | Found Seebbiz's Book Emporium.
  7271 | Orc:2    | Bought a book of Transfigurations for 605 gold pieces
  7278 | Orc:2    | Learned a level 6 spell: Statue Form
  7279 | Orc:2    | Bought the ring "Zodd" {Fire rElec rN+ MR+} for 585 gold pieces
  7285 | Orc:2    | Bought a scroll labeled HUIGUWK QEWI for 22 gold pieces
  7285 | Orc:2    | Bought a scroll labeled NENOEWOROE for 22 gold pieces
  7285 | Orc:2    | Bought a scroll labeled MAAXO CUNYOCO for 22 gold pieces
  7285 | Orc:2    | Bought a fizzy dark potion for 19 gold pieces
  7285 | Orc:2    | Bought 3 scrolls labeled MENNIA ICYLUSH for 66 gold pieces
  7399 | Orc:2    | Identified the +7 trident "Fiaphume" {holy, rF+} (You found it on level 15 of the Dungeon)
  7421 | Elf:1    | Entered Level 1 of the Elven Halls
  7435 | Orc:2    | Reached skill level 1 in Earth Magic
  7462 | Orc:2    | Reached skill level 1 in Transmutations
  7485 | Orc:2    | Charly: you think you can handle Elfs?
  7504 | Elf:1    | Reached skill level 1 in Spellcasting
  7517 | Elf:1    | 4thArraOfDagon: idk
  7517 | Elf:1    | 4thArraOfDagon: i think its 50/50
  7547 | Elf:1    | Noticed Asterion
  7559 | Elf:1    | Killed Asterion
  7570 | Elf:1    | Found Xuff's Antique Weapon Boutique.
  7630 | Elf:1    | Found a flickering gateway to a bazaar.
  7641 | Bazaar   | Entered a bazaar
  7654 | Bazaar   | Found Wejiynat's Jewellery Shoppe.
  7686 | Bazaar   | Found Laicibats's Book Shoppe.
  7724 | Bazaar   | Found Huoleassi's Magic Scroll Boutique.
  7732 | Bazaar   | Bought a scroll of identify for 16 gold pieces
  7732 | Bazaar   | Bought a scroll of fog for 16 gold pieces
  7732 | Bazaar   | Bought a scroll of fog for 16 gold pieces
  7732 | Bazaar   | Bought 2 scrolls of teleportation for 48 gold pieces
  7732 | Bazaar   | Bought a scroll of fog for 16 gold pieces
  7732 | Bazaar   | Bought a scroll of random uselessness for 8 gold pieces
  7754 | Bazaar   | Found Pulah's Book Shoppe.
  7799 | Elf:1    | Found Qamir's Weapon Shoppe.
  7923 | Elf:1    | Found Jekly's Food Shoppe.
  8113 | Elf:2    | Reached XP level 14. HP: 119/119 MP: 19/19
  8239 | Elf:2    | Reached skill level 5 in Earth Magic
  8407 | Elf:2    | Found Ekhal's Assorted Antiques.
  8416 | Elf:2    | Bought a scroll labeled NAILUU RUSK for 28 gold pieces
  8546 | Elf:3    | Entered Level 3 of the Elven Halls
  8587 | Elf:3    | Noticed Bai Suzhen
  8587 | Elf:3    | fu
  8593 | Elf:3    | Noticed a deep elf elementalist
  8593 | Elf:3    | Noticed a deep elf blademaster
  8594 | Elf:3    | Noticed a deep elf sorcerer
  8594 | Elf:3    | Noticed a deep elf sorcerer
  8595 | Elf:3    | Noticed a deep elf elementalist
  8595 | Elf:3    | Noticed a deep elf sorcerer
  8595 | Elf:3    | Cast into level 3 of the Abyss (a deep elf sorcerer)
  8598 | Abyss:3  | Found a corrupted altar of Lugonu.
  8630 | Abyss:3  | Noticed a tentacled starspawn
  8649 | Abyss:3  | Killed a tentacled starspawn
  8649 | Abyss:3  | Reached skill level 5 in Transmutations
  8739 | Abyss:3  | Noticed a profane servitor
  8833 | Abyss:3  | Got a slimy hat
  8834 | Abyss:3  | Identified the +1 hat of the Hare {+Blink Int+5} (You acquired it on level 3 of the Abyss)
  8964 | Abyss:3  | Noticed a green very ugly thing
  8966 | Abyss:3  | Noticed a starcursed mass
  8970 | Abyss:3  | Noticed a green very ugly thing
  8976 | Abyss:3  | Killed a green very ugly thing
  9003 | Abyss:3  | Killed a green very ugly thing
  9006 | Abyss:3  | Noticed a green very ugly thing
  9022 | Abyss:3  | Killed a green very ugly thing
  9025 | Elf:3    | Escaped the Abyss
  9025 | Elf:3    | Killed from afar by a deep elf annihilator

Vault maps used:
D:1:      eino_arrival_druids_welcome
D:2:      grunt_temple_overflow_cloverleaf
D:3:      fedhas_altar_3, nicolae_ru_great_annihilating_truth,
          ecumenical_altar_1, first_bread
D:4:      minivault_27, uniq_grinder
D:5:      okawaru_gym_becter, uniq_blork_the_orc
D:6:      grunt_temple_overflow_bloody_war, gammafunk_temple_overflow_statue,
          lightli_sewer_entry_pipes, serial_shops, shop,
          kennysheep_generic_room_6
D:7:      uniq_duvessa
D:8:      yredelemnul_forgotten_temple_becter
D:9:      serial_shops, shop, uniq_erolcha
D:10:     basic_altar, serial_shops, shop,
          nicolae_shop_competitors_out_of_business, nicolae_shop_behind_doors,
          uniq_josephine
D:11:     lair_0_dummy
D:12:     zombieorc1_lemuel
D:13:     david_vaults_5, lab_entry_generic, special_room
D:14:     hangedman_abyss_or_decor_passed, hangedman_pestilent_swarm,
          uniq_roxanne
D:15:     hangedman_depths_entry_try_elsewhere_first, minmay_door_square,
          stair_cage_line
Orc:2:    st_orc_pillars, minmay_orc_keep
Elf:1:    eino_elf_arrival_shootout, serial_shops, bzr_entry_safe, shop,
          nicolae_shop_trees, shop, hangedman_elf_disciples, uniq_kirke,
          uniq_asterion
Elf:2:    serial_shops, shop, uniq_agnes
Elf:3:    minmay_elf_hall_four_x, serial_shops, shop, basic_stair_grate_trap,
          uniq_bai_suzhen
Abyss:3:  eino_small_chamber_without_monster,
          evilmike_nicolae_abyss_rune_containment_curve
Lab:      labyrinth_hidden_loot, nicolae_lab_grate
Bazaar:   bazaar_minmay_generic_d
Sewer:    sewer_sea

Skill      XL: |  1  2  3  4  5  6  7  8  9 10 11 12 13 14 |
---------------+-------------------------------------------+-----
Unarmed Combat | 1 2 4 5 6 7 8 10 12 13 14 | 14.0
Invocations    | 1 2 3 4 5 6 7 8 9 |  9.0
Shields        | 2 4 5 6 8 10 | 10.0
Dodging        | 4 6 |  6.4
Fighting       | 4 7 |  7.0
Earth Magic    | 4 7 |  7.5
Transmutations | 3 6 |  6.0
Spellcasting   | 1 3 |  3.4
Staves         | |  1.0
Crossbows      | |  1.2
Throwing       | |  1.0

Action                   |  1- 3 |  4- 6 |  7- 9 | 10-12 | 13-15 || total
-------------------------+-------+-------+-------+-------+-------++-------
Melee: Unarmed           |    84 |    53 |   292 |   701 |   853 ||  1983
       Kick              |       |       |    29 |   228 |   254 ||   511
       Morningstar       |       |       |       |       |     7 ||     7
Throw: Javelin           |       |       |     1 |       |       ||     1
 Cast: Statue Form       |       |       |       |       |     1 ||     1
Invok: Upheaval          |       |       |    12 |    24 |    11 ||    47
       Elemental Force   |       |       |       |       |     1 ||     1
Evoke: Wand              |       |       |       |     1 |     8 ||     9
  Use: Potion            |       |       |     7 |     6 |     3 ||    16
       Scroll            |       |       |       |    10 |    18 ||    28
 Stab: Paralysed         |     2 |       |       |       |       ||     2
  Eat: Chunk             |    11 |     4 |    30 |    34 |    27 ||   106
Armor: Robe              |    23 |    12 |    63 |       |       ||    98
       Skin              |       |       |     1 |     5 |    36 ||    42
       Troll hide        |       |       |       |   118 |    36 ||   154
       Troll leather arm |       |       |       |       |    39 ||    39
Dodge: Dodged            |    18 |    13 |    51 |   187 |   177 ||   446
       Deflected         |       |       |       |       |    15 ||    15
Block: Shield            |    22 |    21 |   138 |   390 |   412 ||   983
